 Dungeon Crawl Stone Soup version 0.28.0-47-ge53b351184 (webtiles) character file.

Game seed: 1909485288666920540

827 pkoi the Frost Mage (level 7, -3/44 HPs)
             Began as an Octopode Ice Elementalist on May 8, 2022.
             Was an Initiate of Sif Muna.
             Slain by a two-headed ogre
             ... wielding a +0 giant club
              (11 damage)
             ... on level 5 of the Dungeon.
             The game lasted 00:08:38 (8126 turns).

pkoi the Frost Mage (Octopode Ice Elementalist)     Turns: 8126, Time: 00:08:38

Health: -3/44      AC: 15    Str:  7    XL:     7   Next: 97%
Magic:  2/11       EV: 14    Int: 19    God:    Sif Muna [......]
Gold:   252        SH:  0    Dex: 15    Spells: 2/11 levels left

rFire   . . .      SeeInvis .   m - +1 spear "Rebar" {protect, Fragile rElec rN+ Dex+2}
rCold   . . .      Faith    .   (no shield)
rNeg    + . .      Spirit   .   (helmet restricted)
rPois   .          Reflect  .   (no amulet)
rElec   +          Harm     .   (no ring)
rCorr   .          Rampage  .   (no ring)
Will    .....                   (no ring)
Stlth   +++.......              (no ring)
HPRegen 0.00/turn               (no ring)
MPRegen 0.12/turn               (no ring)
                                (no ring)
                                (no ring)

@: ice-armoured, under a protective aura, freezing walls, very slightly
contaminated, inhibited regen, hasted, unable to read, very quick
A: almost no armour, amphibious, 8 rings, camouflage 1, gelatinous body 1,
(nimble swimmer 1), tentacles, tentacle spike 1, inhibited regeneration,
inability to read while threatened, MP-powered wands
a: Renounce Religion


You were on level 5 of the Dungeon.
You worshipped Sif Muna.
Sif Muna was noncommittal.
You visited 2 branches of the dungeon, and saw 6 of its levels.

You collected 252 gold pieces.

Inventory:

Hand Weapons
 b - a +0 whip
 m - the +1 spear "Rebar" (weapon) {protect, Fragile rElec rN+ Dex+2}
   (You found it on level 2 of the Dungeon)

   It grants its wielder temporary protection when it strikes (+7 to AC).
   Dex:       It affects your dexterity (+2).
   rElec:     It insulates you from electricity.
   rN:        It protects you from negative energy.
   Fragile:   It will be destroyed if unequipped.
 q - a +1 dagger of protection
Missiles
 h - a throwing net
Magical Staves
 e - a staff of cold
 l - a staff of air
Jewellery
 g - a ring of magical power
Scrolls
 c - a scroll of silence
 f - 7 scrolls of teleportation
 v - 3 scrolls of blinking
Potions
 a - a potion of berserk rage
 k - a potion of curing
 o - a potion of might


   Skills:
 + Level 1.8 Fighting
 + Level 1.8 Polearms
 + Level 2.8 Dodging
 - Level 2.6 Stealth
 + Level 2.7 Spellcasting
 + Level 1.7 Conjurations
 + Level 8.0 Ice Magic
 + Level 1.7 Air Magic


You had 2 spell levels left.
You knew the following spells:

 Your Spells              Type           Power      Damage    Failure   Level
a - Freeze                Ice            100%       1d11      1%          1
b - Frozen Ramparts       Ice            66%        1d8       1%          3
c - Ozocubu's Armour      Ice            33%        N/A       1%          3
d - Static Discharge      Conj/Air       9%         N/A       12%         2

Your spell library contained the following spells:

 Spells                   Type           Power      Damage    Failure   Level
 Hailstorm                Conj/Ice       21%        3d6       22%         4
 Gell's Gravitas          Tloc           2%         N/A       43%         3
 Lesser Beckoning         Tloc           2%         N/A       43%         3
 Teleport Other           Tloc           2%         N/A       43%         3
 Lightning Bolt           Conj/Air       4%         1d16      91%         5
 Maxwell's Capacitive Co  Air            4%         ∞         100%        8


Dungeon Overview and Level Annotations

Branches:
Dungeon (5/15)             Temple (1/1) D:5

Altars:
Cheibriados
Dithmenos
Elyvilon
Fedhas
Hepliaklqana
Kikubaaqudgha
Makhleb
Nemelex Xobeh
Okawaru
Qazlal
Sif Muna
Trog
Vehumet
Wu Jian
The Shining One


Innate Abilities, Weirdness & Mutations

You cannot wear most types of armour.
You are amphibious.
You can wear up to eight rings at the same time.
Your skin changes colour to match your surroundings (Stealth+).
Your rubbery body absorbs attacks. (AC +1, EV +1)
((You are camouflaged when in or above water. (Stealth+)))
You have tentacles for arms and can constrict up to eight enemies at once.
One of your tentacles bears a spike.
You do not regenerate when monsters are visible.
You sometimes lose the ability to read scrolls when taking damage.
You expend magic power (3 MP) to strengthen your wands.


Message History

* * * LOW HITPOINT WARNING * * *
Unknown command.
Casting: Frozen Ramparts (safe; 1% risk of failure)
Confirm with . or Enter, or press ? or * to list all spells.
A film of ice covers your body! The centaur barely misses you.
The centaur misses you.
Casting: Ozocubu's Armour (safe; 1% risk of failure)
Confirm with . or Enter, or press ? or * to list all spells.
Casting: Frozen Ramparts (safe; 1% risk of failure)
Press: ? - help, Dir - look around, f - activate You miscast Frozen Ramparts.
You are very lightly contaminated with residual magic.
Nothing appears to happen.
The centaur barely misses you. x2
The centaur hits you.
* * * LOW HITPOINT WARNING * * *
The centaur barely misses you.
Unknown command.
Unknown command.
Casting: Frozen Ramparts (safe; 1% risk of failure)
Confirm with . or Enter, or press ? or * to list all spells.
Casting: Frozen Ramparts (safe; 1% risk of failure)
Press: ? - help, Dir - look around, f - activate The walls around you are covered in ice.
The wall freezes the centaur.
The centaur barely misses you.
The centaur kicks you but does no damage.
You hit the centaur.
Your weapon exudes an aura of protection.
The centaur is lightly wounded.
The wall freezes the centaur.
The centaur hits you.
* * * LOW HITPOINT WARNING * * *
The centaur kicks you but does no damage.
The wall freezes the two-headed ogre.
The wall freezes the centaur.
The centaur closely misses you. The centaur misses you.
You cannot read scrolls in your current state!
You aren't carrying any items that you can evoke.
Unknown command.
You feel yourself speed up.
The wall freezes the two-headed ogre.
The two-headed ogre barely misses you.
The two-headed ogre hits you with a +0 giant spiked club!
You die...

# ########## . .......... .
......... .. ......... .#
#........ .#######
#c......[ .......# #@..#
.......# oO####O#####
.......# #.........##
.......## #.#......#.#
.......#......#....#..# .
#.####.##..##.###.#...#...#
#'####.##..##.###..........
....................#..#...
....................#...#..


You could see a two-headed ogre and a centaur.

Vanquished Creatures
  Sigmund (D:4)
  Edmund (D:4)
  A black bear (D:4)
  An ogre (D:3)
  A scorpion (D:4)
  A hound (D:4)
  A bullfrog zombie (D:5)
  A centaur skeleton (D:4)
  An iguana (D:5)
  An orc wizard (D:5)
  A hound skeleton (D:5)
  4 adders
  3 gnolls
  2 worms (D:2)
  A dart slug (D:5)
  16 orcs
  4 ball pythons
  4 bats
  14 endoplasms
  5 giant cockroaches
  8 goblins
  8 hobgoblins
  6 kobolds
  2 quokkas
  4 frilled lizards
  7 rats
99 creatures vanquished.

Notes
Turn   | Place    | Note
-------+----------+-------------------------------------------
     0 | D:1      | pkoi the Octopode Ice Elementalist began the quest for the
                  | Orb.
     0 | D:1      | Reached XP level 1. HP: 11/11 MP: 3/3
   401 | D:1      | Reached XP level 2. HP: 17/17 MP: 0/5
  1271 | D:1      | Found a faded altar of an unknown god.
  1580 | D:1      | Reached XP level 3. HP: 21/21 MP: 3/6
  1787 | D:2      | Learned a level 3 spell: Frozen Ramparts
  1845 | D:2      | Reached skill level 5 in Ice Magic
  1942 | D:1      | Reached XP level 4. HP: 13/27 MP: 0/7
  2451 | D:2      | Learned a level 3 spell: Ozocubu's Armour
  2565 | D:2      | Identified the +1 spear "Rebar" {protect, Fragile rElec rN+
                  | Dex+2}
  3489 | D:3      | Reached skill level 6 in Ice Magic
  3642 | D:3      | Noticed an ogre
  3655 | D:3      | Killed an ogre
  3656 | D:3      | Reached XP level 5. HP: 23/31 MP: 4/8
  3940 | D:3      | Noticed a water moccasin
  4775 | D:4      | Reached skill level 7 in Ice Magic
  4775 | D:4      | Reached XP level 6. HP: 24/36 MP: 0/9
  4827 | D:4      | Noticed a black bear
  4833 | D:4      | Killed a black bear
  5278 | D:4      | Learned a level 2 spell: Static Discharge
  5612 | D:4      | Noticed Sigmund
  5625 | D:4      | Killed Sigmund
  5626 | D:4      | Reached skill level 1 in Fighting
  5626 | D:4      | Reached skill level 1 in Polearms
  5626 | D:4      | Reached skill level 1 in Conjurations
  5626 | D:4      | Reached skill level 1 in Air Magic
  5626 | D:4      | Reached XP level 7. HP: 39/43 MP: 3/10
  5680 | D:4      | Noticed Edmund
  5691 | D:4      | Killed Edmund
  6680 | D:4      | Found a burning altar of Makhleb.
  6692 | D:4      | Reached skill level 8 in Ice Magic
  6795 | D:5      | Entered Level 5 of the Dungeon
  7024 | D:5      | Gained mutation: One of your tentacles bears a spike.
                  | [potion of mutation]
  7024 | D:5      | Gained mutation: You do not regenerate when monsters are
                  | visible. [potion of mutation]
  7024 | D:5      | Gained mutation: You sometimes lose the ability to read
                  | scrolls when taking damage. [potion of mutation]
  7024 | D:5      | Gained mutation: You expend magic power (3 MP) to
                  | strengthen your wands. [potion of mutation]
  7484 | D:5      | Found a staircase to the Ecumenical Temple.
  7517 | Temple   | Entered the Ecumenical Temple
  7786 | Temple   | Became a worshipper of Sif Muna the Loreminder
  8119 | D:5      | Noticed a two-headed ogre
  8126 | D:5      | Slain by a two-headed ogre

Illustrated notes

Levels and vault maps discovered:
D:1:      minmay_arrival_four_loops, layout_basic, ebering_ecumenical_altar_rust
D:2:      layout_basic
D:3:      kb_forest_paths, layout_basic, lightli_corner_chamber
D:4:      layout_basic, makhleb_heckhound_becter, sigmund_edmund_badplayer
D:5:      layout_gridville, zin_treasury, minmay_temple_entry_mist,
          nrook_mini_backslash, st_stairs_7, hangedman_decor_diamond_cutter
Temple:   minmay_temple_curvy_branch

Skill      XL: |  1  2  3  4  5  6  7 |
---------------+----------------------+-----
Ice Magic      | 5 6 7 8 |  8.0
Fighting       | 1 |  1.8
Polearms       | 1 |  1.8
Conjurations   | 1 |  1.7
Air Magic      | 1 |  1.7
Dodging        | |  2.8
Stealth        | |  2.6
Spellcasting   | |  2.7

Action                   |  1- 3 |  4- 6 |  7- 9 || total
-------------------------+-------+-------+-------++-------
Melee: Unarmed           |     4 |       |       ||     4
       Whip              |     5 |     3 |       ||     8
       Tentacles         |     1 |     9 |    15 ||    25
       Spear             |       |    71 |    50 ||   121
       Constrict         |       |    11 |    14 ||    25
       Kick              |       |       |     6 ||     6
       Punch             |       |       |     1 ||     1
 Cast: Freeze            |    39 |    27 |       ||    66
       Ozocubu's Armour  |       |     6 |    19 ||    25
       Frozen Ramparts   |       |     6 |    16 ||    22
  Use: Scroll            |       |       |     9 ||     9
       Potion            |       |       |     7 ||     7
 Stab: Sleeping          |       |    11 |     5 ||    16
Armor: Skin              |     4 |    14 |    12 ||    30
Dodge: Dodged            |    21 |    51 |    42 ||   114
